 Dungeon Crawl Stone Soup version 0.30-a0-860-g512cf1e979 (webtiles) character file.

Game seed: 12837299350129102470

200 qeuew the Sneak (level 5, -6/24 HPs)
             Began as a Spriggan Enchanter on Mar 7, 2023.
             Killed by nerve-wracking pain
             ... invoked by Menkaure
              (11 damage)
             ... on level 4 of the Dungeon.
             The game lasted 00:04:13 (3134 turns).

qeuew the Sneak (Spriggan Enchanter)                Turns: 3134, Time: 00:04:15

Health: -6/24      AC:  3    Str:  4    XL:     5   Next: 48%
Magic:  11/11      EV: 19    Int: 16    God:
Gold:   259        SH:  0    Dex: 23    Spells: 9/11 levels left

rFire   . . .      SeeInvis +    a - +2 dagger
rCold   . . .      Faith    .    (no shield)
rNeg    . . .      Spirit   .    k - +1 robe of Agoraphobia {-Tele Rampage rElec Dex+5}
rPois   .          Reflect  .    (helmet restricted)
rElec   +          Rampage  +    (no cloak)
rCorr   .          NoTele   +    (gloves unavailable)
Will    .....                    (boots unavailable)
Stlth   ++++                     (no amulet)
HPRegen 0.24/turn                i - ring of wizardry
MPRegen 0.12/turn                (no ring)

@: invisible, very quick
A: very small, no large weapons, unfitting armour, see invisible, speed 3
a: no special abilities


You were on level 4 of the Dungeon.
You visited 1 branch of the dungeon, and saw 4 of its levels.

You collected 259 gold pieces.

Inventory:

Hand Weapons
 a - a +2 dagger (weapon)
Missiles
 d - 3 poisoned darts
Armour
 k - the +1 robe of Agoraphobia (worn) {-Tele Rampage rElec Dex+5}
   (You found it on level 2 of the Dungeon)

   Dex:       It affects your dexterity (+5).
   rElec:     It insulates you from electricity.
   -Tele:     It prevents most forms of teleportation.
   Rampage:   It bestows one free step when moving towards enemies.
Jewellery
 i - a ring of wizardry (left hand)
Scrolls
 b - 3 scrolls of teleportation
 e - a scroll of enchant weapon
 h - 2 scrolls of identify
 j - a scroll of fog
Potions
 c - a potion of invisibility
 f - 3 potions of curing
 l - a potion of ambrosia {unknown}
 o - a potion of flight


   Skills:
 + Level 2.6 Short Blades
 + Level 3.9 Dodging
 * Level 6.5 Stealth
 + Level 3.8 Spellcasting
 + Level 4.5 Hexes


You had 9 spell levels left.
You knew the following spells:

 Your Spells              Type           Power      Damage    Failure   Level
a - Ensorcelled Hibernat  Hex/Ice        20%        N/A       4%          2

Your spell library contained the following spells:

 Spells                   Type           Power      Damage    Failure   Level
 Confusing Touch          Hex            17%        N/A       3%          3
 Tukima's Dance           Hex            17%        N/A       3%          3
 Dazzling Flash           Conj/Hex       20%        N/A       9%          3


Dungeon Overview and Level Annotations

Branches:
Dungeon (4/15)
 Temple: D:4-7

Altars:
Elyvilon
Qazlal

Shops:
D:2 (

Annotations:
D:4 Menkaure


Innate Abilities, Weirdness & Mutations

You are very small and have problems with some larger weapons.
You are too small for most types of armour.
You have supernaturally acute eyesight. (SInv)
You cover ground extremely quickly. (Speed+++)


Message History

Menkaure completely misses you.
You hit Menkaure.
Menkaure is moderately damaged.
Menkaure completely misses you.
You hit Menkaure.
Menkaure is heavily damaged.
Menkaure closely misses you.
Unknown command.
You completely miss Menkaure.
Menkaure is heavily damaged.
Menkaure closely misses you.
You hit Menkaure but do no damage.
Menkaure is heavily damaged.
Menkaure hums, "Let me perform the rites..."
Menkaure closely misses you.
You hit Menkaure but do no damage.
Menkaure is heavily damaged.
Menkaure closely misses you.
You hit Menkaure but do no damage.
Menkaure is heavily damaged.
Menkaure hits you!!
Ouch! That really hurt!
* * * LOW HITPOINT WARNING * * *
You feel much better. Menkaure barely misses you.
You hit Menkaure.
Menkaure is heavily damaged.
Menkaure hits you!
Ouch! That really hurt!
You hit Menkaure but do no damage.
Menkaure is heavily damaged.
Menkaure shouts, "The curse of the Pharaohs be upon you!"
Menkaure completely misses you.
You fade into invisibility!
Menkaure murmurs, "From dust you came, to dust you will return."
Menkaure points at you and mumbles some strange words.
Pain shoots through your body!
* * * LOW HITPOINT WARNING * * *
Menkaure casts a spell at you. Pain shoots through your body!
You die...

#[...## #
#..#...#
#.###..# ##
#..##
##..###
##....###
##.........
##...##.....
### #.@.##
..?## ....
#..M## ###
.... #....##
##.. #...#
#.. #....
### #.... #
#.... ....


You could see Menkaure (fast).

Vanquished Creatures
  A sleepcap (D:4)
  An iguana (D:2)
  5 adders
  2 worms (D:2)
  2 dart slugs
  3 orcs
  8 ball pythons
  6 bats
  13 endoplasms
  6 giant cockroaches
  7 goblins
  5 hobgoblins
  7 jackals
  3 quokkas
  A frilled lizard (D:3)
  6 kobolds
  3 rats
79 creatures vanquished.

Notes
Turn   | Place    | Note
-------+----------+-------------------------------------------
     0 | D:1      | qeuew the Spriggan Enchanter began the quest for the Orb.
     0 | D:1      | Reached XP level 1. HP: 9/9 MP: 5/5
   306 | D:1      | Reached XP level 2. HP: 13/13 MP: 6/6
   309 | D:1      | Learned a level 2 spell: Ensorcelled Hibernation
   595 | D:1      | Reached skill level 5 in Stealth
   862 | D:1      | Reached XP level 3. HP: 9/16 MP: 4/8
  1115 | D:2      | Identified the +1 robe of Agoraphobia {-Tele Rampage rElec
                  | Dex+5}
  1297 | D:2      | Reached XP level 4. HP: 10/21 MP: 10/10
  1395 | D:2      | Found Soec's Weapon Boutique.
  1549 | D:2      | Reached skill level 6 in Stealth
  2107 | D:3      | Reached XP level 5. HP: 24/24 MP: 11/11
  2456 | D:3      | Found a white marble altar of Elyvilon.
  2548 | D:4      | Found a stormy altar of Qazlal.
  3119 | D:4      | Noticed Menkaure
  3134 | D:4      | Killed from afar by Menkaure

Illustrated notes

Levels and vault maps discovered:
D:1:      mrwooster_arrival_arrow, layout_basic, minmay_box_of_dots
D:2:      cheibrodos_old_hovel, layout_basic, serial_shops,
          nicolae_shop_bloodbath_and_beyond, minmay_misc_feat_secret_circle,
          minmay_pentomino_pile
D:3:      layout_loops_ring, lemuel_coloured_pillars_altar, minmay_cut_off
D:4:      layout_cave_pods, mainiacjoe_overflow_24_doors, uniq_menkaure

Skill      XL: |  1  2  3  4 |
---------------+-------------+-----
Dodging        | 3 |  3.9
Spellcasting   | 3 |  3.8
Stealth        | 5 6 |  6.5
Hexes          | 4 |  4.5
Short Blades   | 2 |  2.6

Action                     |  1- 3 |  4- 6 || total
---------------------------+-------+-------++-------
  Melee: Dagger            |   122 |   103 ||   225
         Punch             |     1 |     1 ||     2
   Cast: Ensorcelled Hiber |     5 |     1 ||     6
    Use: Potion            |     3 |     2 ||     5
         Scroll            |       |     7 ||     7
   Stab: Sleeping          |    17 |    21 ||    38
 Armour: Robe              |    12 |     4 ||    16
  Dodge: Dodged            |    86 |    60 ||   146

Table legend: (Time is in decaauts)
 A = Elapsed time spent in this place.
 B = Non-inter-level travel time spent in this place.
 C = Inter-level travel time spent in this place.
 D = Time resting spent in this place.
 E = Time spent auto-exploring this place.
 F = Levels seen in this place.
 G = Mean time per level.
                   A        B        C        D        E       F      G
               +--------+--------+--------+--------+--------+-----+--------+
         Total |   2103 |   2049 |     54 |      0 |   1609 |   4 |  525.8 |
       Dungeon |   2103 |   2049 |     54 |      0 |   1609 |   4 |  525.8 |
               +--------+--------+--------+--------+--------+-----+--------+

Top non-repeatable levels by time:
     D:1: 660 daAuts
     D:2: 560 daAuts
     D:3: 499 daAuts
     D:4: 383 daAuts
